 Dungeon Crawl Stone Soup version 0.28.0-53-g5a82cb258f (webtiles) character file.

Game seed: 10886255340986957966

39 Sin92 the Skirmisher (level 3, -5/29 HPs)
             Began as a Demonspawn Fighter on June 16, 2022.
             Slain by a gnoll
             ... wielding a +3 whip of electrocution
              (8 damage)
             ... on level 2 of the Dungeon.
             The game lasted 00:00:37 (1066 turns).

Sin92 the Skirmisher (Demonspawn Fighter)           Turns: 1066, Time: 00:00:37

Health: -5/29      AC:  8    Str: 18    XL:     3   Next: 28%
Magic:  3/3        EV:  9    Int:  9    God:
Gold:   34         SH:  4    Dex: 12    Spells: 2/2 levels left

rFire   . . .      SeeInvis .   a - +0 war axe
rCold   . . .      Faith    .   c - +0 buckler
rNeg    . . .      Spirit   .   b - +0 scale mail
rPois   .          Reflect  .   (no helmet)
rElec   .          Harm     .   (no cloak)
rCorr   .          Rampage  .   (no gloves)
Will    .....                   (no boots)
Stlth   ..........              (no amulet)
HPRegen 0.09/turn               (no ring)
MPRegen 0.08/turn               (no ring)

@: no status effects
A: thin metallic scales 1, demonic touch 1
a: no special abilities


You were on level 2 of the Dungeon.
You visited 1 branch of the dungeon, and saw 2 of its levels.

You collected 34 gold pieces.

Inventory:

Hand Weapons
 a - a +0 war axe (weapon)
Armour
 b - a +0 scale mail (worn)
 c - a +0 buckler (worn)
Scrolls
 e - a scroll of vulnerability {unknown}
 g - a scroll of fog {unknown}
 i - a scroll of identify {unknown}
Potions
 d - a potion of might
 f - 2 potions of flight {unknown}
 h - a potion of lignification {unknown}


   Skills:
 + Level 3.3 Fighting
 + Level 2.1 Axes
 + Level 3.0 Armour
 + Level 1.0 Dodging
 + Level 3.0 Shields


You had 2 spell levels left.
You didn't know any spells.
Your spell library contained the following spells:

 Spells                   Type           Power      Damage    Failure   Level
 Ensorcelled Hibernation  Hex/Ice        0%         N/A       94%         2
 Passwall                 Tmut/Erth      0%         N/A       94%         2
 Spider Form              Tmut/Pois      0%         N/A       99%         3
 Swiftness                Air            0%         N/A       99%         3
 Anguish                  Hex/Necr       0%         N/A       100%        4


Dungeon Overview and Level Annotations

Branches:
Dungeon (2/15)

Altars:


Innate Abilities, Weirdness & Mutations

You are partially covered in thin metallic scales. (AC +2)
Your touch may inflict minor irresistible damage on your foes.


Message History

A gnoll is nearby!
A gnoll comes into view. It is wielding a +3 spear.
The gnoll shouts!
The gnoll hits you with a +0 club.
The gnoll hits you with a +3 whip of electrocution.
Unknown command.
There are monsters nearby!
You slash the gnoll!
The gnoll is severely wounded.
You hit the gnoll.
The gnoll hits you from afar with a +3 spear.
The gnoll closely misses you. The gnoll hits you with a +0 club.
The gnoll hits you from afar with a +3 spear.
The gnoll hits you with a +3 whip of electrocution.
There are monsters nearby!
You slash the gnoll!
You kill the gnoll!
You barely miss the gnoll.
The gnoll hits you from afar with a +3 spear.
The gnoll hits you with a +3 whip of electrocution.
Your Armour skill increases to level 3!
Your Dodging skill increases to level 1!
Your Shields skill increases to level 3!
There are monsters nearby!
You are too injured to fight recklessly!
Unknown command.
There are monsters nearby!
You are too injured to fight recklessly!
Unknown command.
There are monsters nearby!
You are too injured to fight recklessly!
There are monsters nearby!
Unknown command.
The gnoll hits you but does no damage. The gnoll barely misses you.
Unknown command.
You closely miss the gnoll. You barely miss the gnoll.
The gnoll hits you with a +3 spear.
* * * LOW HITPOINT WARNING * * *
The gnoll hits you with a +3 whip of electrocution!
You die...

#### ### #.. ..# #######
#.#####.#
.......####.##....## #
..#..........#.....###..
.....!..............>#.#
#.......................
#.#...).######..........
#......@g...........###.
#..##..g.######.....#
#......#.##.........#
#..... .##.####'##.....
....... .# #.# #####
....... .# #.# ...###.
.. #.# #.# ##
.#######.## ........<#


You could see 2 gnolls.

Vanquished Creatures
  A gnoll (D:2)
  A bat (D:2)
  3 endoplasms (D:1)
  A giant cockroach (D:1)
  2 goblins (D:1)
  3 hobgoblins (D:1)
  4 jackals (D:1)
  A quokka (D:1)
  5 ball pythons (D:1)
  A frilled lizard (D:1)
  3 kobolds (D:1)
  A rat (D:1)
26 creatures vanquished.

Notes
Turn   | Place    | Note
-------+----------+-------------------------------------------
     0 | D:1      | Sin92 the Demonspawn Fighter began the quest for the Orb.
     0 | D:1      | Reached XP level 1. HP: 18/18 MP: 1/1
   147 | D:1      | Gained mutation: Your touch may inflict minor irresistible
                  | damage on your foes. [demonic ancestry]
   147 | D:1      | Reached XP level 2. HP: 12/24 MP: 2/2
   836 | D:1      | Found a faded altar of an unknown god.
  1049 | D:2      | Gained mutation: You are partially covered in thin metallic
                  | scales. (AC +2) [demonic ancestry]
  1049 | D:2      | Reached XP level 3. HP: 29/29 MP: 3/3
  1065 | D:2      | Reached skill level 1 in Dodging
  1066 | D:2      | Slain by a gnoll

Illustrated notes

Levels and vault maps discovered:
D:1:      minmay_arrival_jagged, layout_basic,
          hellmonk_ecumenical_altar_inner_sanctum
D:2:      layout_basic, uniq_terence, uniq_jessica

Skill      XL: |  1  2  3 |
---------------+----------+-----
Axes           | 2 |  2.1
Armour         | 3 |  3.0
Dodging        | 1 |  1.0
Shields        | 3 |  3.0
Fighting       | |  3.3

Action                   || total
-------------------------++-------
Melee: War axe           ||    58
Armor: Scale mail        ||    31
Dodge: Dodged            ||    30
Block: Buckler           ||    16
